 Dungeon Crawl Stone Soup version 0.20.0-15-g7f486f2 (webtiles) character file.

42362 Gargoyl the Nimble (level 13, 0/110 HPs)
             Began as a Pale Draconian Abyssal Knight on June 19, 2017.
             Was an Elder of Lugonu.
             Slain by a polar bear (16 damage)
             ... on level 6 of the Lair of Beasts.
             The game lasted 00:51:51 (19207 turns).

Gargoyl the Nimble (Pale Draconian Abyssal Knight) Turns: 19207, Time: 00:51:51

Health: 0/110      AC: 14    Str: 17    XL:     13   Next: 85%
Magic:  21/21      EV: 20    Int: 13    God:    Lugonu [****..]
Gold:   1007       SH:  0    Dex: 13    Spells: 12/12 levels left

rFire    . . .     SeeInvis .   l - +3 hand axe (flame)
rCold    . . .     Gourm    .   (no shield)
rNeg     . . .     Faith    .   (armour unavailable)
rPois    +         Spirit   .   (helmet restricted)
rElec    .         Reflect  .   (no cloak)
rCorr    +         Harm     .   x - +2 pair of gloves
MR       .....                  d - +2 pair of boots
Stlth    ++++......             f - amulet of regeneration
Regen    1.1/turn               E - ring of poison resistance
MPRegen  0.2/turn               k - ring of resist corrosion

@: no status effects
A: breathe steam, unfitting armour, sense surroundings 1, regeneration 1, wild
magic 1, cold-blooded, AC +8
a: Breathe Steam, Depart the Abyss, Bend Space, Banish, Corrupt, Renounce
Religion


You were on level 6 of the Lair of Beasts.
You worshipped Lugonu.
Lugonu was greatly pleased with you.
You were hungry.

You visited 2 branches of the dungeon, and saw 16 of its levels.
You visited the Abyss 2 times.

You collected 1007 gold pieces.

Inventory:

Hand Weapons
 a - a +2 hand axe
 l - a +3 hand axe of flaming (weapon)
 L - a +4 trident
Missiles
 N - 3 javelins (quivered)
Armour
 d - a +2 pair of boots (worn)
 x - a +2 pair of gloves (worn)
Jewellery
 f - an amulet of regeneration (around neck)
 k - a ring of resist corrosion (right hand)
 D - an uncursed ring of protection from cold
 E - a ring of poison resistance (left hand)
 P - an uncursed ring of protection from cold
Wands
 h - a wand of random effects (35/48)
 m - a wand of disintegration (1/24)
 o - a wand of clouds (8/9)
 p - a wand of digging (14/24)
 y - a wand of disintegration (13/24)
 C - a wand of confusion (12/48)
 I - a wand of enslavement (11/24)
Scrolls
 c - a scroll of fog
 e - 7 scrolls of teleportation
 g - 3 scrolls of remove curse
 q - 4 scrolls of identify
 B - a scroll of recharging
 G - 2 scrolls of blinking
 H - 4 scrolls of enchant armour
 M - 4 scrolls of fear
Potions
 j - a potion of flight
 r - 8 potions of curing
 s - a potion of haste
 u - 2 potions of resistance {unknown}
 v - 3 potions of brilliance
 A - a potion of mutation {unknown}
 F - a potion of magic {unknown}
 J - a potion of degeneration {unknown}
Books
 t - a book of Minor Magic

   Spells                             Type                      Level
   a - Magic Dart                     Conjuration                  1
   b - Blink                          Translocation                2
   c - Call Imp                       Summoning                    2
   d - Slow                           Hexes                        2
   e - Conjure Flame                  Conjuration/Fire             3
   f - Mephitic Cloud                 Conjuration/Poison/Air       3
 R - a book of Changes

   Spells                             Type                      Level
   a - Beastly Appendage              Transmutation                1
   b - Sticks to Snakes               Transmutation                2
   c - Spider Form                    Transmutation/Poison         3
   d - Ice Form                       Ice/Transmutation            4
   e - Blade Hands                    Transmutation                5
Miscellaneous
 O - a lightning rod (inert)
Comestibles
 b - 10 bread rations
 i - 9 meat rations
 n - 6 royal jellies
 w - 10 fruits


   Skills:
 + Level 8.9 Fighting
 + Level 12.1 Axes
 * Level 13.0 Dodging
 * Level 9.6 Stealth
 * Level 11.2 Invocations
 + Level 1.0 Evocations


You had 12 spell levels left.
You didn't know any spells.

Dungeon Overview and Level Annotations

Branches:
Dungeon (10/15)            Temple (0/1) D:6            Lair (6/6) D:10
  Swamp (0/4) Lair:4       Spider (0/4) Lair:4        Slime (0/5) Lair:5
    Orc (0/2) D:10

Altars:
Cheibriados
Dithmenos
Fedhas
Nemelex Xobeh
Okawaru
Ru
Sif Muna
Trog
The Shining One

Annotations:
Lair:4 corrupted
Lair:5 corrupted, exclusion: 3 oklob plants
Abyss:1 Urug


Innate Abilities, Weirdness & Mutations

You can breathe blasts of scalding, opaque steam.
Your pale cyan-grey scales are hard. (AC +8)
You cannot fit into any form of body armour.
You are cold-blooded and may be slowed by cold attacks.
You passively map a small area around you.
Your natural rate of healing is unusually fast.
Your spells are a little harder to cast, but a little more powerful.


Message History

The polar bear completely misses you.
The polar bear claws you but does no damage.
The polar bear closely misses you.
You see here a wolf corpse.
Unknown command.
You slash the polar bear! You burn the polar bear.
The polar bear is severely wounded.
You hit the polar bear. You burn the polar bear.
The polar bear is severely wounded.
The polar bear barely misses you.
The polar bear claws you but does no damage.
The polar bear closely misses you.
All of the chunks of flesh in your inventory have rotted away.
You barely miss the polar bear.
The polar bear is severely wounded.
The polar bear goes berserk!
You hit the polar bear but do no damage.
The polar bear is severely wounded.
The polar bear bites you!
You die...

#..†.♣♣♣♣ *.h.♣ *** ###....♣
*♣... **,* ####.....## *,..♣
#,####* #####.##......# **.h♣
..#.PP###...#.......### *♣h♣
...SPP.##..........## *,..
...PP.P............# *,,,
...PP..............# *,*,
....####........@h.# *,**
..####.............#### **,**
.,##†...............#.## **,,*
,*#.†................#.# **,,**
,##...P................## *,,♣*
*#.P.†##................# *,..*
*#..†..#...............####..♣*
*#...###................P#...♣
*
*#####.......................♣
*


You could see a polar bear (berserk).

Vanquished Creatures
  5 hydras
  2 two-headed ogres (D:10)
  4 death yaks (Lair:4)
  Sonja (Lair:3)
  The ghost of Gargoyl the Chopper, a novice DrAK of Lugonu (D:7)
  The ghost of Azzok the Archer, a novice CeHu of Okawaru (D:6)
  An oklob plant (Lair:4)
  An ugly thing (D:7)
  7 black mambas
  5 elephants
  A torpor snail (Lair:4)
  Joseph (D:7)
  A centaur skeleton (D:10)
  11 spiny frogs
  5 rime drakes
  5 komodo dragons
  2 hornets
  4 hippogriffs
  8 dream sheep
  A shadow (D:9)
  A vampire (D:10)
  A wyvern (Lair:5)
  2 spriggans (Lair:6)
  Sigmund (D:5)
  A human (D:7)
  A hungry ghost (D:6)
  3 hogs (D:7)
  33 yaks
  A steam dragon (Lair:3)
  2 basilisks
  3 wargs (D:10)
  6 soldier ants (D:10)
  7 water moccasins
  8 porcupines
  2 ice beasts
  A sky beast (D:10)
  2 black bears
  7 orc warriors
  2 phantoms
  A necrophage (D:8)
  9 ogres
  18 wolves
  6 crocodiles
  6 centaurs
  2 big kobolds (D:7)
  15 bullfrogs
  A wyvern zombie (D:7)
  3 scorpions
  The ghost of Loootie the Magician, a weakling TrWz (D:3)
  5 killer bees
  A howler monkey (D:9)
  3 crimson imps
  A centaur zombie (D:7)
  5 jellies
  A gnoll shaman (D:7)
  4 hounds
  5 orc priests
  Ijyb (D:3)
  5 orc wizards
  27 worker ants
  2 hell rats
  A hound skeleton (D:5)
  A hound zombie (D:5)
  11 gnolls
  A howler monkey skeleton (D:9)
  16 adders
  8 river rats
  3 shadow imps
  3 adder skeletons
  6 worms
  A dart slug (D:3)
  7 leopard geckos
  27 orcs
  2 ball pythons
  6 bats
  10 giant cockroaches
  4 goblins
  10 hobgoblins
  13 jackals
  17 kobolds
  6 quokkas
  A frilled lizard (D:2)
  15 rats
  A butterfly (Lair:4)
  2 fungi (Lair:4)
  A plant (Lair:4)
446 creatures vanquished.

Vanquished Creatures (others)
  Rupert (Lair:5)
  2 death yaks (Lair:4)
  A queen ant (D:10)
  A lindwurm (Lair:5)
  A rime drake (Lair:5)
  2 spiny frogs
  A komodo dragon (Lair:4)
  6 dream sheep (Lair:4)
  The ghost of M47ryx the Chopper, an amateur MiBe of Trog (D:4)
  2 water moccasins (Lair:4)
  2 orc warriors (D:5)
  2 crocodiles
  4 fungi
  6 plants
  6 starspawn tentacles (Lair:4)
  15 toadstools (Lair:4)
53 creatures vanquished.

Grand Total: 499 creatures vanquished

Notes
Turn   | Place    | Note
-------+----------+-------------------------------------------
     0 | Abyss:1  | Gargoyl the Draconian Abyssal Knight began the quest for the Orb.
     0 | Abyss:1  | Reached XP level 1. HP: 19/19 MP: 2/2
    38 | Abyss:1  | Noticed an efreet
    77 | Abyss:2  | Noticed an ancient zyme
    84 | D:1      | Escaped the Abyss
   389 | D:1      | You fall through a shaft!
   599 | D:1      | Reached XP level 2. HP: 24/26 MP: 3/3
  1051 | D:1      | Reached * piety under Lugonu
  1404 | D:2      | Reached XP level 3. HP: 26/33 MP: 4/4
  1648 | D:2      | Reached skill level 1 in Stealth
  2207 | D:2      | Reached XP level 4. HP: 40/40 MP: 5/5
  2307 | D:2      | Noticed a moth of wrath
  2309 | D:2      | Found a bloodstained altar of Trog.
  2344 | D:2      | Reached ** piety under Lugonu
  2594 | D:3      | Found a shadowy altar of Dithmenos.
  2955 | D:3      | Noticed Loootie's ghost (weakling TrWz)
  3021 | D:3      | Killed Loootie's ghost
  3021 | D:3      | Reached skill level 3 in Dodging
  3021 | D:3      | Reached XP level 5. HP: 40/46 MP: 7/7
  3087 | D:3      | Found a transporter.
  3136 | D:3      | Found a transporter.
  4035 | D:4      | Noticed M47ryx's ghost (amateur MiBe)
  4307 | D:5      | Entered Level 5 of the Dungeon
  4309 | D:5      | Found Lilesoil's Distillery.
  4369 | D:4      | Noticed Ijyb
  4379 | D:4      | Noticed an ogre
  4413 | D:3      | Killed Ijyb
  4531 | D:4      | Reached XP level 6. HP: 47/52 MP: 8/8
  4761 | D:4      | Reached *** piety under Lugonu
  4925 | D:4      | Reached skill level 4 in Dodging
  5230 | D:5      | Noticed Sigmund
  5240 | D:5      | Killed Sigmund
  5240 | D:5      | Your scales start taking on a pale cyan-grey colour.
  5240 | D:5      | Reached XP level 7. HP: 46/59 MP: 9/9
  5469 | D:4      | Banished M47ryx's ghost
  5673 | D:4      | Found a sparkling altar of Nemelex Xobeh.
  6471 | D:5      | Found a deep blue altar of Sif Muna.
  6576 | D:5      | Reached skill level 5 in Dodging
  6632 | D:5      | Reached skill level 5 in Axes
  6757 | D:5      | Reached XP level 8. HP: 51/67 MP: 6/11
  6866 | D:6      | Reached skill level 5 in Invocations
  7166 | D:6      | Found a staircase to the Ecumenical Temple.
  7181 | D:6      | Noticed Azzok's ghost (novice CeHu)
  7271 | D:6      | Killed Azzok's ghost
  7271 | D:6      | Reached skill level 5 in Fighting
  7271 | D:6      | Reached skill level 6 in Dodging
  7271 | D:6      | Reached XP level 9. HP: 41/74 MP: 13/13
  7804 | D:6      | Reached skill level 7 in Dodging
  8124 | D:7      | Reached **** piety under Lugonu
  8140 | D:7      | Noticed Gargoyl's ghost (novice DrAK)
  8185 | D:7      | Killed Gargoyl's ghost
  8272 | D:7      | Noticed Joseph
  8286 | D:7      | Killed Joseph
  8286 | D:7      | Reached skill level 8 in Dodging
  8286 | D:7      | Reached skill level 5 in Stealth
  8337 | D:7      | Reached XP level 10. HP: 81/81 MP: 15/15
  8739 | D:7      | Found a sacrificial altar of Ru.
  8741 | D:7      | Found an iron altar of Okawaru.
  8748 | D:7      | Found a glowing golden altar of the Shining One.
  8886 | D:7      | Noticed a brown ugly thing
  8902 | D:7      | Killed a brown ugly thing
  9795 | D:8      | Found a snail-covered altar of Cheibriados.
 10057 | D:8      | Reached skill level 9 in Dodging
 10122 | D:9      | Reached ***** piety under Lugonu
 10605 | D:9      | Found a sparkling altar of Nemelex Xobeh.
 10934 | D:10     | Entered Level 10 of the Dungeon
 10968 | D:10     | Reached XP level 11. HP: 37/89 MP: 17/17
 11069 | D:10     | Noticed a queen ant
 11197 | D:10     | Gained mutation: Your spells are a little harder to cast, but a little more powerful. [mutagenic meat]
 11198 | D:10     | Gained mutation: You passively map a small area around you. [mutagenic meat]
 11199 | D:10     | Gained mutation: Your natural rate of healing is unusually fast. [mutagenic meat]
 11200 | D:10     | Gained mutation: Your magical capacity is low. (-10% MP) [mutagenic meat]
 11201 | D:10     | Lost mutation: Your magical capacity is low. (-10% MP) [mutagenic meat]
 11258 | D:10     | Noticed a two-headed ogre
 11273 | D:10     | Killed a two-headed ogre
 11436 | D:10     | Found a staircase to the Orcish Mines.
 11710 | D:10     | Found a staircase to the Lair.
 11968 | D:10     | Noticed a two-headed ogre
 11977 | D:10     | Killed a two-headed ogre
 11977 | D:10     | Reached skill level 10 in Dodging
 12277 | D:10     | Banished a queen ant
 12676 | Lair:1   | Entered Level 1 of the Lair of Beasts
 13143 | Lair:1   | Reached skill level 10 in Axes
 13673 | Lair:2   | Reached XP level 12. HP: 62/100 MP: 19/19
 13716 | Lair:2   | Noticed Urug
 13729 | Lair:2   | Banished Urug
 14762 | Lair:3   | Reached skill level 11 in Dodging
 14821 | Lair:3   | Noticed Sonja
 14929 | Lair:3   | Killed Sonja
 15332 | Lair:4   | Found a hole to the Spider Nest.
 15520 | Lair:4   | Found a staircase to the Swamp.
 15561 | Lair:4   | Noticed Rupert
 15575 | Lair:4   | Paralysed by Rupert for 2 turns
 15585 | Lair:4   | Paralysed by Rupert for 2 turns
 15633 | Lair:4   | Paralysed by Rupert for 3 turns
 15792 | Lair:3   | Noticed a seven-headed hydra
 15812 | Lair:3   | Killed a three-headed hydra
 15812 | Lair:3   | Reached skill level 10 in Invocations
 16189 | Lair:4   | Noticed a four-headed hydra
 16195 | Lair:4   | Killed a one-headed hydra
 16241 | Lair:4   | Found a blossoming altar of Fedhas.
 16604 | Lair:4   | Reached XP level 13. HP: 100/107 MP: 20/20
 16759 | Lair:4   | Corrupted Lair:4
 16759 | Lair:4   | Noticed a tentacled starspawn
 16759 | Lair:4   | Noticed an ancient lich
 16759 | Lair:4   | Noticed a tentacled starspawn
 16759 | Lair:4   | Noticed a starcursed mass
 16761 | Lair:4   | Noticed a tentacled starspawn
 16847 | Lair:4   | Noticed a tentacled starspawn
 16852 | Lair:4   | Noticed a tentacled starspawn
 16981 | Lair:4   | Reached skill level 12 in Dodging
 17242 | Lair:5   | Found a staircase to the Slime Pits.
 17314 | Lair:5   | Found a bloodstained altar of Trog.
 17429 | Lair:5   | Paralysed by Rupert for 2 turns
 17435 | Lair:5   | Cast into level 3 of the Abyss (Rupert)
 17523 | Lair:5   | Escaped the Abyss
 17525 | Lair:5   | Paralysed by Rupert for 2 turns
 17734 | Lair:5   | Paralysed by Rupert for 6 turns
 18020 | Lair:5   | Corrupted Lair:5
 18020 | Lair:5   | Noticed a green draconian
 18020 | Lair:5   | Noticed a starcursed mass
 18068 | Lair:5   | Killed Rupert
 18098 | Lair:5   | Noticed a tentacled starspawn
 18103 | Lair:5   | Noticed a white very ugly thing
 18159 | Lair:5   | Reached skill level 1 in Evocations
 18416 | Lair:6   | Entered Level 6 of the Lair of Beasts
 18808 | Lair:5   | HP: 2/108 [spiny frog (12)]
 19190 | Lair:6   | Reached skill level 13 in Dodging
 19207 | Lair:6   | Slain by a polar bear

Skill      XL: |  1  2  3  4  5  6  7  8  9 10 11 12 13 |
---------------+----------------------------------------+-----
Stealth        | 1 2 3 4 5 6 7 8 9 |  9.6
Axes           | 3 4 5 6 7 8 10 11 12 | 12.1
Dodging        | 3 4 5 6 8 9 10 11 13 | 13.0
Invocations    | 3 4 6 8 9 10 11 | 11.2
Fighting       | 4 5 6 7 8 |  8.9
Evocations     | 1 |  1.0

Action                   |  1- 3 |  4- 6 |  7- 9 | 10-12 | 13-15 || total
-------------------------+-------+-------+-------+-------+-------++-------
Melee: Hand axe          |   120 |   407 |   341 |  1011 |   342 ||  2221
       Tailslap          |    11 |    44 |    40 |   165 |    68 ||   328
Throw: Javelin           |       |       |       |     1 |     1 ||     2
Invok: Depart the Abyss  |     1 |       |       |       |     1 ||     2
       Banish            |       |       |     5 |     2 |     8 ||    15
       Bend Space        |       |       |       |     2 |       ||     2
       Corrupt           |       |       |       |       |     2 ||     2
 Abil: Breathe Steam     |       |       |    11 |    69 |    23 ||   103
Evoke: Wand              |       |     3 |       |       |       ||     3
       Lightning rod     |       |       |       |       |     4 ||     4
  Use: Scroll            |     4 |     7 |     4 |     8 |     2 ||    25
       Potion            |       |     3 |     3 |     2 |     5 ||    13
 Stab: Sleeping          |     2 |       |     5 |     5 |     6 ||    18
       Distracted        |       |       |       |     1 |     2 ||     3
  Eat: Chunk             |     4 |     6 |    14 |    35 |    12 ||    71
       Bread ration      |       |     1 |     1 |       |     1 ||     3
       Royal jelly       |       |       |       |     2 |       ||     2
Armor: Skin              |    45 |   147 |   145 |   234 |   132 ||   703
Dodge: Dodged            |   103 |   258 |   226 |   855 |   481 ||  1923
